 Dungeon Crawl Stone Soup version 0.21-a0-525-ga34b322 (webtiles) character file.

142 Atlas the Grave Robber (level 5, -3/36 HPs)
             Began as a Mummy Necromancer on Dec 8, 2017.
             Slain by Eustachio
             ... wielding a +0 rapier
              (5 damage)
             ... on level 4 of the Dungeon.
             The game lasted 00:07:00 (3611 turns).

Atlas the Grave Robber (Mummy Necromancer)          Turns: 3611, Time: 00:07:01

Health: -3/36      AC:  3    Str: 11      XL:     5   Next: 3%
Magic:  1/11       EV: 11    Int: 15      God:
Gold:   160        SH:  0    Dex: 12 (13) Spells: 3/12 levels left

rFire    x . .     SeeInvis .   (no weapon)
rCold    + . .     Gourm    .   (no shield)
rNeg     + + +     Faith    .   e - +0 leather armour
rPois    ∞         Spirit   .   (no helmet)
rElec    .         Reflect  .   (no cloak)
rCorr    .         Harm     .   (no gloves)
MR       .....                  (no boots)
Stlth    ++........             (no amulet)
HPRegen  0.12/turn              (no ring)
MPRegen  0.12/turn              (no ring)

@: no status effects
A: no food or potions, fire vulnerability, cold resistance 1, negative energy
resistance 3, torment resistance, unbreathing
a: no special abilities


You were on level 4 of the Dungeon.
You were not hungry.

You visited 1 branch of the dungeon, and saw 4 of its levels.

You collected 160 gold pieces.

Inventory:

Armour
 e - a +0 leather armour (worn)
Scrolls
 a - a scroll of enchant armour {unknown}
 c - 2 scrolls of identify {unknown}
 d - a scroll of teleportation
 f - 2 scrolls of fog
Books
 b - a book of Necromancy

   Spells                             Type                      Level
   a - Pain                           Necromancy                   1
   b - Animate Skeleton               Necromancy                   1
   c - Vampiric Draining              Necromancy                   3
   d - Regeneration                   Charms/Necromancy            3
   e - Animate Dead                   Necromancy                   4
   f - Control Undead                 Necromancy                   4


   Skills:
 + Level 0.3 Fighting
 + Level 1.0 Armour
 + Level 1.7 Dodging
 + Level 2.0 Stealth
 + Level 4.3 Spellcasting
 + Level 5.0 Necromancy


You had 3 spell levels left.
You knew the following spells:

 Your Spells              Type           Power        Failure   Level  Hunger
a - Pain                  Necr           ###.         2%          1    N/A
b - Animate Skeleton      Necr           N/A          2%          1    N/A
c - Vampiric Draining     Necr           ###.......   9%          3    N/A
d - Control Undead        Necr           ###.......   28%         4    N/A

Dungeon Overview and Level Annotations

Branches:
Dungeon (4/15)
 Temple: D:4-7

Altars:
Nemelex Xobeh

Annotations:
D:3 Grinder, Jessica
D:4 Eustachio


Innate Abilities, Weirdness & Mutations

You do not eat or drink.
Your flesh is vulnerable to fire.
You are immune to poison.
Your flesh is cold resistant. (rC+)
You are immune to negative energy. (rN+++)
You are immune to unholy pain and torment.
You can survive without breathing.


Message History

Confirm with . or Enter, or press ? or * to list all spells.
Aiming: Pain
Press: ? - help, Shift-Dir - straight line, f - Eustachio
Aim: Eustachio, wielding a rapier and wearing a leather armour (severely wounded, chance to defeat MR: 78%)
Okay, then.
You barely miss Eustachio.
Eustachio is severely wounded.
The bat barely misses you. The rat bites you. The iron imp hits you.
* * * LOW HITPOINT WARNING * * *
The rat misses you. Eustachio closely misses you.
Casting: Pain
Confirm with . or Enter, or press ? or * to list all spells.
Aiming: Pain
Press: ? - help, Shift-Dir - straight line, f - Eustachio
Aim: Eustachio, wielding a rapier and wearing a leather armour (severely wounded, chance to defeat MR: 78%) Eustachio writhes in agony!
The bat hits you but does no damage. The rat barely misses you.
The iron imp hits you.
* * * LOW HITPOINT WARNING * * *
The rat bites you but does no damage. Eustachio hits you with a rapier.
You die...

#. #.# #####..
....... ....... ...+
....... ...#
......r## #...##
......@@## .....##
......5r.###
##......#
.........b5# #......#
........5#.###.†....#
.............5......#
....................#
..........#..##.....#
..........##.# .....#
.........##..........


You could see Eustachio, 2 iron imps, a white imp, a bat and 2 rats.

Vanquished Creatures
  Terence (D:2)
  2 gnolls (D:3)
  4 adders
  An ooze (D:2)
  2 worms (D:2)
  2 dart slugs (D:2)
  A leopard gecko (D:3)
  A giant cockroach (D:1)
  3 goblins (D:2)
  6 hobgoblins
  2 jackals (D:2)
  2 kobolds
  4 quokkas
  A ball python (D:1)
  7 bats
  3 frilled lizards
  8 rats
50 creatures vanquished.

Vanquished Creatures (collateral kills)
  2 rats (D:3)
2 creatures vanquished.

Grand Total: 52 creatures vanquished

Notes
Turn   | Place    | Note
-------+----------+-------------------------------------------
     0 | D:1      | Atlas the Mummy Necromancer began the quest for the Orb.
     0 | D:1      | Reached XP level 1. HP: 13/13 MP: 4/4
     1 | D:1      | Noticed an electric eel
    59 | D:1      | Learned a level 1 spell: Animate Skeleton
   349 | D:1      | Reached XP level 2. HP: 8/19 MP: 0/5
  1124 | D:2      | Noticed Terence
  1173 | D:2      | Killed Terence
  1173 | D:2      | Reached XP level 3. HP: 6/24 MP: 0/8
  2053 | D:2      | Reached XP level 4. HP: 31/31 MP: 1/10
  2227 | D:2      | Learned a level 3 spell: Vampiric Draining
  2232 | D:2      | Learned a level 4 spell: Control Undead
  2893 | D:3      | Noticed Grinder
  2894 | D:3      | Noticed Jessica
  2912 | D:3      | Found a sparkling altar of Nemelex Xobeh.
  3211 | D:3      | Reached skill level 5 in Necromancy
  3229 | D:3      | Reached skill level 1 in Armour
  3229 | D:3      | Reached XP level 5. HP: 16/36 MP: 0/11
  3423 | D:3      | Paralysed by Grinder for 4 turns
  3562 | D:3      | Paralysed by Grinder for 6 turns
  3580 | D:4      | Noticed Eustachio
  3611 | D:4      | Slain by Eustachio

Vault maps used:
D:1:      arrival_aquarium_a, minmay_misc_feat_ornament
D:2:      uniq_terence
D:3:      lemuel_crystal_altar, first_bread, uniq_grinder, uniq_jessica,
          uniq_natasha
D:4:      kennysheep_six_static_rooms, overflow_temple_1_default,
          grunt_qazlal_clouds, nemelex_xobeh_ov_fountains_minmay, uniq_eustachio

Skill      XL: |  1  2  3  4 |
---------------+-------------+-----
Spellcasting   | 3 4 |  4.3
Stealth        | 2 |  2.0
Necromancy     | 5 |  5.0
Armour         | 1 |  1.0
Fighting       | |  0.3
Dodging        | |  1.7

Action                   |  1- 3 |  4- 6 || total
-------------------------+-------+-------++-------
Melee: Unarmed           |    17 |    12 ||    29
 Cast: Pain              |    71 |    57 ||   128
       Animate Skeleton  |    10 |    12 ||    22
       Vampiric Draining |       |     3 ||     3
       Control Undead    |       |     2 ||     2
  Use: Scroll            |       |     2 ||     2
 Stab: Sleeping          |     1 |       ||     1
Armor: Robe              |     8 |       ||     8
       Leather armour    |     4 |    18 ||    22
Dodge: Dodged            |    28 |    44 ||    72

Table legend:
 A = Spawn XP
 B = Non-spawn XP
 C = Spawn XP percentage of total XP
 D = Spawn monster count
 E = Non-spawn monster count
 F = Spawn count percentage of total count
 G = Total turns spent on level
                    A         B        C        D         E        F      G
               +---------+---------+-------+---------+---------+-------+---------
         Total |       0 |     203 |   0.0 |       0 |      52 |   0.0 |  3611
               +---------+---------+-------+---------+---------+-------+---------
           D:1 |       0 |      15 |   0.0 |       0 |      10 |   0.0 |   985
           D:2 |       0 |     121 |   0.0 |       0 |      30 |   0.0 |  2301
           D:3 |       0 |      66 |   0.0 |       0 |      11 |   0.0 |   291
           D:4 |       0 |       1 |   0.0 |       0 |       1 |   0.0 |    34
               +---------+---------+-------+---------+---------+-------+---------
